 Dungeon Crawl Stone Soup version 0.29-a0-330-g52719c12eb (webtiles) character file.

Game seed: 1028433507300799295

22 GigaChad the Slasher (level 2, 0/27 HPs)
             Began as a Minotaur Chaos Knight on Apr 12, 2022.
             Was a Plaything of Xom.
             Slain by an orc
             ... wielding a +0 vorpal mace
              (5 damage)
             ... on level 3 of the Dungeon.
             The game lasted 00:03:40 (1062 turns).

GigaChad the Slasher (Minotaur Chaos Knight)        Turns: 1062, Time: 00:03:44

Health: 0/27       AC:  9    Str: 16    XL:     2   Next: 68%
Magic:  1/1        EV:  7    Int:  9    God:    Xom [.*....]
Gold:   114        SH:  0    Dex:  9    Spells: 1/1 levels left

rFire   + . .      SeeInvis .   a - +0 falchion (chaos)
rCold   . . .      Faith    .   (no shield)
rNeg    . . .      Spirit   .   k - +0 chain mail
rPois   .          Reflect  .   (helmet restricted)
rElec   .          Harm     .   (no cloak)
rCorr   .          Rampage  .   (no gloves)
Will    .....                   (no boots)
Stlth   ..........              (no amulet)
HPRegen 0.09/turn               h - ring of protection from cold
MPRegen 0.07/turn               i - ring of fire

@: no status effects
A: horns 2, retaliatory headbutt
a: Renounce Religion


You were on level 3 of the Dungeon.
You worshipped Xom.
You were a plaything of Xom.
You visited 1 branch of the dungeon, and saw 3 of its levels.

You collected 114 gold pieces.

Inventory:

Hand Weapons
 a - a +0 falchion of chaos (weapon)
Missiles
 f - 5 curare-tipped darts
Armour
 b - a +2 leather armour
 k - a +0 chain mail (worn)
Jewellery
 h - a ring of protection from cold (left hand)
 i - a ring of fire (right hand)
Scrolls
 e - 2 scrolls of teleportation {unknown}
 g - a scroll of identify {unknown}
Potions
 d - a potion of curing {unknown}
 j - a potion of might {unknown}
Miscellaneous
 c - a piece from Xom's chessboard (15/15) (quivered)


   Skills:
 + Level 3.9 Fighting
 + Level 4.3 Long Blades
 + Level 2.8 Armour
 + Level 1.2 Dodging


You had one spell level left.
You didn't know any spells.
Your spell library was empty.

Dungeon Overview and Level Annotations

Branches:
Dungeon (3/15)

Altars:
Okawaru


Innate Abilities, Weirdness & Mutations

You have a pair of horns on your head.
You reflexively headbutt those who attack you in melee.


Message History

You kill the dart slug!
An endoplasm comes into view.
You see here a dart slug corpse. "Let's go for a ride!"
Your surroundings suddenly seem different.
Found a jewelled gold wand.
Found a stone staircase leading down.
Your surroundings suddenly seem different.
An orc wizard and 2 orcs come into view.
An orc is wielding a +0 vorpal mace.
The orc shouts! x2
The orc wizard points at you and mumbles some strange words.
The puff of flame hits you but does no damage.
You resist.
You barely miss the orc wizard. Your headbutt misses the orc wizard.
The orc wizard hits you but does no damage.
You barely miss the orc wizard. The orc wizard barely misses you.
You furiously retaliate!
You headbutt the orc wizard. You barely miss the orc wizard.
The orc wizard is lightly wounded.
The orc wizard hits you but does no damage.
The orc hits you but does no damage.
You hit the orc wizard. You burn the orc wizard.
The orc wizard is moderately wounded.
The orc wizard hits you but does no damage.
The orc barely misses you. The orc hits you but does no damage.
You barely miss the orc wizard.
The orc wizard is moderately wounded.
The orc wizard casts a spell at you. The puff of flame hits you. You resist.
The orc hits you but does no damage. The orc hits you with a +0 vorpal mace.
* * * LOW HITPOINT WARNING * * *
A shower of butterflies erupts from you!
* * * LOW HITPOINT WARNING * * *
You hit the orc wizard.
You feel better.
Your headbutt misses the orc wizard.
The orc wizard is heavily wounded.
The orc barely misses you. The orc closely misses your butterfly.
The orc completely misses your butterfly.
The orc hits you with a +0 vorpal mace.
You die...
Xom cackles wildly!

. .. .## ..##
...#####
##......##
#.b.......
#oob......
#@o.......
#bbb......
#.....b.....
.....#.........
####...........
############


You could see an orc wizard and 2 orcs.

Vanquished Creatures
  A dart slug (D:3)
  3 ball pythons
  A goblin (D:1)
  A hobgoblin (D:1)
  5 jackals (D:3)
  A quokka (D:1)
  3 bats (D:1)
  A frilled lizard (D:1)
  A kobold (D:2)
  A rat (D:1)
18 creatures vanquished.

Notes
Turn   | Place    | Note
-------+----------+-------------------------------------------
     0 | D:1      | GigaChad the Minotaur Chaos Knight began the quest for the
                  | Orb.
     0 | D:1      | Reached XP level 1. HP: 19/19 MP: 0/0
   132 | D:1      | XOM: silly message
   249 | D:1      | Reached XP level 2. HP: 27/27 MP: 1/1
   399 | D:2      | Found an iron altar of Okawaru.
   533 | D:2      | XOM: noise
  1028 | D:3      | Reached skill level 4 in Long Blades
  1054 | D:3      | XOM: 2-stop teleportation journey
  1061 | D:3      | XOM: butterfly on damage
  1062 | D:3      | Slain by an orc

Illustrated notes

Levels and vault maps discovered:
D:1:      doesnt_arrival_eight_statues, layout_loops_corners,
          shapermc_ecumenical_altar_hornbeckon, st_stairs_1, serial_park_tiny_1
D:2:      layout_basic, basic_altar, serial_rivers,
          chequers_serial_rivers_micro_e, chequers_serial_rivers_small_a,
          chequers_serial_rivers_small_b, chequers_serial_rivers_micro_d
D:3:      layout_rooms, nicolae_gozag_zags_fifth_avenue

Skill      XL: |  1  2 |
---------------+-------+-----
Long Blades    | 4 |  4.3
Fighting       | |  3.9
Armour         | |  2.8
Dodging        | |  1.2

Action                   || total
-------------------------++-------
Melee: Falchion          ||    37
       Headbutt          ||     5
       Punch             ||     1
Armor: Leather armour    ||     6
       Chain mail        ||    42
Dodge: Dodged            ||    31

Table legend: (Time is in decaauts)
 A = Elapsed time spent in this place.
 B = Non-inter-level travel time spent in this place.
 C = Inter-level travel time spent in this place.
 D = Time resting spent in this place.
 E = Time spent auto-exploring this place.
 F = Levels seen in this place.
 G = Mean time per level.
                   A        B        C        D        E       F      G
               +--------+--------+--------+--------+--------+-----+--------+
         Total |   1065 |   1053 |     12 |      0 |    175 |   3 |  355.0 |
       Dungeon |   1065 |   1053 |     12 |      0 |    175 |   3 |  355.0 |
               +--------+--------+--------+--------+--------+-----+--------+

Top non-repeatable levels by time:
     D:2: 653 daAuts
     D:1: 369 daAuts
     D:3: 42 daAuts
